[Event "Titled Tuesday Blitz November 01 Late 2022"]
[White "Kleiman, Jake"]
[Black "Yanchenko, Roman"]
[WhiteFideId "2020041"]
[BlackFideId "4137329"]
[WhiteElo "2647"]
[BlackElo "2514"]
[Result "1-0"]
[Round "11"]
[TimeControl "180+1"]
[Date "2022.11.01"]
[WhiteClock "0:01:03"]
[BlackClock "0:00:39"]

1. e4 e6 2. d3 d5 3. Nd2 c5 4. Ngf3 Nc6 5. g3 Nf6 6. Bg2 g6 7. O-O Bg7 8. exd5 Nxd5 9. Nb3 b6 10. d4 c4 11. Nbd2 c3 12. Ne4 cxb2 13. Bxb2 O-O 14. c4 Nf6 15. Nxf6+ Bxf6 16. Ne5 Nxd4 17. Qxd4 Rb8 18. Qf4 g5 19. Qe3 Qc7 20. Rad1 Bb7 21. Rd7 Qc8 22. Rfd1 Bxg2 23. Kxg2 h6 24. Qf3 Bg7 25. Rxf7 Qc5 26. Rxg7+ Kxg7 27. Nd7+ Kg8 28. Qxf8+ Qxf8 29. Nxf8 Rxf8 30. Rd7 Rc8 31. Rxa7 Rxc4 32. Bg7 Ra4 33. Rxa4 1-0


[Site "https://www.chess.com"]

[Event "Titled Tuesday Blitz November 01 Late 2022"]
[White "Kodinets, Konstantin L."]
[Black "Dzierzak, Radoslaw"]
[WhiteFideId "4122011"]
[BlackFideId "1161407"]
[WhiteElo "2447"]
[BlackElo "2111"]
[Result "1-0"]
[Round "11"]
[TimeControl "180+1"]
[Date "2022.11.02"]
[WhiteClock "0:02:30"]
[BlackClock "0:01:14"]

1. d4 Nf6 2. Nf3 e6 3. Bg5 c5 4. e3 cxd4 5. exd4 b6 6. Nbd2 Bb7 7. Bd3 h6 8. Bxf6 Qxf6 9. Qe2 d6 10. O-O-O Qd8 11. h4 Be7 12. Kb1 Nc6 13. g4 a6 14. c3 b5 15. g5 g6 16. h5 hxg5 17. hxg6 Rxh1 18. Rxh1 fxg6 19. Qxe6 1-0


[Site "https://www.chess.com"]

[Event "Titled Tuesday Blitz November 01 Late 2022"]
[White "Li, Ben"]
[Black "Tokhirjonova, Gulrukhbegim"]
[WhiteFideId "2089980"]
[BlackFideId "14203626"]
[WhiteElo "2267"]
[BlackElo "2236"]
[Result "1-0"]
[Round "11"]
[TimeControl "180+1"]
[Date "2022.11.02"]
[WhiteClock "0:00:06"]
[BlackClock "0:00:02"]

1. d4 Nf6 2. c4 g6 3. Nc3 d5 4. cxd5 Nxd5 5. Na4 Bg7 6. e4 Nb6 7. Nf3 O-O 8. Be3 Nc6 9. Nc5 Bg4 10. Nxb7 Qc8 11. Nc5 a5 12. Be2 Rd8 13. e5 Nd5 14. O-O Rb8 15. Qc2 Ncb4 16. Qa4 Nxe3 17. fxe3 Bh6 18. Qxa5 Bxe3+ 19. Kh1 Nc2 20. Rad1 Bxf3 21. Bxf3 Nxd4 22. Be4 Qg4 23. Qc3 Qg5 24. e6 Nxe6 25. Nxe6 fxe6 26. Qc4 Qe5 27. b3 Rxd1 28. Rxd1 Rf8 29. Bf3 Kg7 30. a4 Rf4 31. Qd3 Rd4 32. Qc2 Rb4 33. Re1 Qf4 34. Qc3+ e5 35. Qxe3 Kf6 36. Qxf4+ exf4 37. Kg1 e5 38. Bd5 c6 39. Bc4 Kf5 40. Kf2 e4 41. Ra1 Ke5 42. a5 Rb8 43. a6 Ra8 44. Ra5+ Kd4 45. Ke2 Ra7 46. h4 c5 47. Ra4 Kc3 48. Bd5 e3 49. Bb7 Kxb3 50. Rxf4 c4 51. Kxe3 c3 52. Kd3 c2 53. Rf1 Kb2 54. Rf2 Kb1 55. Rxc2 h6 56. g4 g5 57. h5 1-0


[Site "https://www.chess.com"]

[Event "Titled Tuesday Blitz November 01 Late 2022"]
[White "Luxama, Jacques Muller"]
[Black "Estrada Nieto, Julian"]
[WhiteFideId "11900113"]
[BlackFideId "5101018"]
[WhiteElo "1931"]
[BlackElo "2252"]
[Result "0-1"]
[Round "11"]
[TimeControl "180+1"]
[Date "2022.11.02"]
[WhiteClock "0:00:01"]
[BlackClock "0:00:09"]

1. d4 d5 2. c4 dxc4 3. Nf3 Nf6 4. Qa4+ c6 5. Qxc4 Bf5 6. Nc3 Nbd7 7. Bf4 e6 8. e3 Qb6 9. Qb3 Bb4 10. Be2 Nd5 11. Rc1 Nxf4 12. exf4 Bd6 13. g3 Qxb3 14. axb3 h6 15. Kd2 Rd8 16. Bd3 Bxd3 17. Kxd3 Nf6 18. Kc2 Bc7 19. h3 Ke7 20. Rcd1 a6 21. Rhe1 Rhe8 22. f5 Kf8 23. fxe6 Rxe6 24. Rxe6 fxe6 25. Re1 Kf7 26. Ne5+ Bxe5 27. dxe5 Nd5 28. Ne4 Nb4+ 29. Kc3 Nd5+ 30. Kc4 b6 31. Nd6+ Ke7 32. Re4 Rf8 33. Rg4 g5 34. Ne4 Rf3 35. h4 a5 36. hxg5 hxg5 37. Rxg5 b5+ 38. Kc5 Rxb3 39. Rg7+ Kf8 40. Ra7 Rxb2 41. Kxc6 Ne7+ 42. Kd6 Nc8+ 43. Kxe6 Nxa7 44. f4 a4 45. Nf6 a3 46. Nd7+ Ke8 47. f5 a2 48. f6 Rf2 49. Nc5 a1=Q 50. Ne4 Rf1 51. Nd6+ Kd8 52. f7 Nc6 0-1


[Site "https://www.chess.com"]

[Event "Titled Tuesday Blitz November 01 Late 2022"]
[White "Maksimovic, Bojan"]
[Black "Aghasiyev, Kamal"]
[WhiteFideId "14408120"]
[BlackFideId "13402854"]
[WhiteElo "2447"]
[BlackElo "2341"]
[Result "1/2-1/2"]
[Round "11"]
[TimeControl "180+1"]
[Date "2022.11.01"]
[WhiteClock "0:00:03"]
[BlackClock "0:00:07"]

1. e4 e5 2. Nf3 Nc6 3. c3 d5 4. Qa4 f6 5. exd5 Qxd5 6. d4 Bd7 7. Qd1 O-O-O 8. Be2 exd4 9. cxd4 Bg4 10. Nc3 Qd7 11. O-O Bxf3 12. Bxf3 Nxd4 13. Be3 Bc5 14. Bxd4 Qxd4 15. Qb3 Qb4 16. Qe6+ Kb8 17. Nd5 Qa4 18. Rac1 Bd6 19. b3 Qd7 20. Qe4 f5 21. Qc4 Nh6 22. Rfd1 Rhe8 23. h3 Nf7 24. Qc2 Ne5 25. Be2 g5 26. Bf1 f4 27. Nf6 Qf7 28. Nxe8 Rxe8 29. Re1 h5 30. Bc4 Qg7 31. Qf5 Rf8 32. Qe6 g4 33. h4 g3 34. f3 a6 35. Rcd1 Ka7 36. Rxd6 cxd6 37. Qxd6 Nxc4 38. bxc4 Qf6 39. c5 Qxd6 40. cxd6 Rd8 41. Rd1 Kb6 42. Kf1 Kc6 43. Rd4 Rxd6 44. Rxf4 Rd2 45. Rf6+ Kc5 46. Rf5+ Kd4 47. Rxh5 Rf2+ 48. Ke1 Rxg2 49. a4 Ra2 50. Kf1 Ke3 51. Rf5 Rf2+ 52. Kg1 Rh2 53. h5 b5 54. axb5 axb5 55. Rxb5 Kxf3 56. Rf5+ Kg4 57. Rb5 Rc2 58. h6 Kh3 59. Rb1 Rg2+ 60. Kh1 Rh2+ 61. Kg1 Kg4 62. Rb4+ Kf3 63. Rb3+ Kf4 64. Rb6 Kf3 65. Rf6+ Kg4 66. Rg6+ Kf3 67. Ra6 Rg2+ 68. Kh1 Rh2+ 69. Kg1 Rg2+ 70. Kh1 Rh2+ 71. Kg1 1/2-1/2


[Site "https://www.chess.com"]

[Event "Titled Tuesday Blitz November 01 Late 2022"]
[White "Manolache, Marius"]
[Black "Khripachenko, Alexander"]
[WhiteFideId "1201530"]
[BlackFideId "54184975"]
[WhiteElo "2364"]
[BlackElo "2201"]
[Result "1-0"]
[Round "11"]
[TimeControl "180+1"]
[Date "2022.11.01"]
[WhiteClock "0:01:11"]
[BlackClock "0:01:38"]

1. d4 d5 2. c4 e6 3. Nc3 Be7 4. Nf3 Nf6 5. Bf4 O-O 6. e3 b6 7. Rc1 Bb7 8. cxd5 Nxd5 9. Nxd5 Qxd5 10. a3 Qa5+ 11. Qd2 Qxd2+ 12. Kxd2 c5 13. dxc5 bxc5 14. Bd3 Nd7 15. Ke2 Nb6 16. Rhd1 c4 17. Bb1 Nd5 18. Be5 f6 19. Bd4 e5 20. Bc3 Rfd8 21. Ba5 Rd7 22. Bf5 Rd6 23. Nd2 c3 24. Bxc3 Nxc3+ 25. Rxc3 Ba6+ 26. Ke1 Rad8 27. Bc2 Bf8 28. Ne4 Rxd1+ 29. Bxd1 Rb8 30. b4 Bb7 31. Nc5 Bxg2 32. Bb3+ Kh8 33. Nd7 Rd8 34. Nxf8 Rxf8 35. Rc7 Ra8 36. b5 h5 37. a4 h4 38. Be6 Kh7 39. a5 Rb8 40. Bd7 Ra8 41. Ke2 Bd5 42. Kd3 Kg6 43. e4 Bb3 44. Bc6 Ba4 1-0


[Site "https://www.chess.com"]

[Event "Titled Tuesday Blitz November 01 Late 2022"]
[White "Marchesich, Giovanni"]
[Black "McConnell, Griffin"]
[WhiteFideId "2824790"]
[BlackFideId "30942551"]
[WhiteElo "2200"]
[BlackElo "2323"]
[Result "1-0"]
[Round "11"]
[TimeControl "180+1"]
[Date "2022.11.02"]
[WhiteClock "0:00:13"]
[BlackClock "0:00:18"]

1. e4 c6 2. d4 d5 3. e5 c5 4. Nf3 cxd4 5. Nxd4 Nc6 6. f4 e6 7. Be3 Nge7 8. Nc3 Bd7 9. Bd3 g6 10. O-O Nxd4 11. Bxd4 Nf5 12. Bf2 a6 13. Qe1 Qc7 14. g4 Ne7 15. Ne2 h5 16. g5 Nf5 17. Bxf5 exf5 18. c3 O-O-O 19. Nd4 Bc5 20. Qd2 Kb8 21. Nb3 Be7 22. Qd4 Rdf8 23. Qa7+ Kc8 24. Rad1 Bc6 25. Bb6 Qb8 26. Qxb8+ Kxb8 27. Bc5 Bxc5+ 28. Nxc5 h4 29. h3 Kc7 30. a4 Rd8 31. a5 Rhe8 32. Rd4 Re7 33. Rfd1 Ree8 34. b4 Rf8 35. Kf2 Rfe8 36. Ke3 Rf8 37. Nd3 Rd7 38. Ne1 Rh8 39. Nf3 Rh7 40. Ne1 Rh8 41. Nc2 Rhd8 42. Na1 Bb5 43. R1d2 Bc4 44. Nc2 Bb5 45. Ne1 Bf1 46. Rh2 Kc6 47. Kf2 Bc4 48. Nf3 Rh8 49. Ke1 b6 50. axb6 Kxb6 51. Rhd2 Ra7 52. e6 Re8 53. Ne5 Rxe6 54. Kf2 Rxe5 55. fxe5 Re7 56. Rxh4 Rxe5 57. Rh7 Re7 58. h4 Kb5 59. h5 gxh5 60. g6 Re8 61. gxf7 Rf8 62. Ke3 Kc6 63. Kf4 Kd6 64. Kxf5 Ke7 65. Kg6 Bb3 66. Re2+ Kd7 67. Kg7 Rxf7+ 68. Kxf7 d4+ 69. Kf6+ Kd6 70. cxd4 Kd5 71. Rxh5+ Kxd4 72. Ra5 Kc3 73. Rxa6 Kxb4 74. Rae6 Bc4 75. R2e4 Kc3 76. Rxc4+ Kxc4 77. Re5 Kd4 78. Kf5 Kc4 79. Kf4 Kd3 80. Re4 Kd2 81. Kf3 Kd3 82. Kf4 Kd2 83. Re3 Kc2 84. Ke4 Kd2 85. Kd4 Kd1 86. Kd3 Kc1 87. Re2 Kb1 88. Rh2 Ka1 89. Kc3 Kb1 90. Rg2 Ka1 91. Kb3 1-0


[Site "https://www.chess.com"]

[Event "Titled Tuesday Blitz November 01 Late 2022"]
[White "Martinez Molina, Carlos Alberto"]
[Black "Gasparyan, David"]
[WhiteFideId "5122708"]
[BlackFideId "13311980"]
[WhiteElo "2212"]
[BlackElo "2358"]
[Result "1-0"]
[Round "11"]
[TimeControl "180+1"]
[Date "2022.11.02"]
[WhiteClock "0:00:16"]
[BlackClock "0:00:13"]

1. d4 e6 2. c4 h5 3. Nf3 Be7 4. Nc3 d5 5. Bf4 a6 6. h3 Nc6 7. cxd5 exd5 8. e3 Bf5 9. Qb3 Nb4 10. Rc1 Nf6 11. a3 Nd3+ 12. Bxd3 Bxd3 13. Ne5 Bf5 14. Qxb7 Rb8 15. Qc6+ Kf8 16. b4 Rb6 17. Nd7+ Qxd7 18. Qa8+ Qd8 19. Qa7 Bd6 20. Bxd6+ Rxd6 21. O-O g5 22. Na4 Kg7 23. Rxc7 Bg6 24. f4 gxf4 25. Rxf4 Qe8 26. Nc3 Qxe3+ 27. Rf2 Rf8 28. Qc5 Re6 29. Nxd5 Nxd5 30. Qxd5 Qe1+ 31. Rf1 Qg3 32. Qxe6 Qxc7 33. Qf6+ Kg8 34. d5 Rd8 35. Rd1 Rd6 36. Qe5 Qb6+ 37. Kh1 Rd8 38. d6 Qc6 39. Qe7 Qd7 40. Qf6 Qe6 41. Qxd8+ Kg7 42. Qe7 Qb3 43. Qe5+ Kh7 44. Qd4 Bf5 45. d7 Be4 46. Qxe4+ Kg7 47. d8=Q Qg3 48. Qdd4+ Kg8 49. Qe8+ Kh7 50. Qeh8+ Kg6 51. Qdf6# 1-0


[Site "https://www.chess.com"]

[Event "Titled Tuesday Blitz November 01 Late 2022"]
[White "Mesa Cruz, Juan Carlos"]
[Black "Qashashvili, Alexandre"]
[WhiteFideId "6423400"]
[BlackFideId "13600842"]
[WhiteElo "2059"]
[BlackElo "2405"]
[Result "1-0"]
[Round "11"]
[TimeControl "180+1"]
[Date "2022.11.02"]
[WhiteClock "0:00:34"]
[BlackClock "0:00:03"]

1. e4 c6 2. Nc3 d5 3. Nf3 dxe4 4. Nxe4 Nf6 5. Qe2 Nxe4 6. Qxe4 Qd5 7. Qh4 Bf5 8. Bc4 Qe4+ 9. Qxe4 Bxe4 10. Bxf7+ Kxf7 11. Ng5+ Kg6 12. Nxe4 e5 13. d3 Nd7 14. Be3 Be7 15. Ke2 Rhf8 16. Rhf1 Rae8 17. a4 a6 18. a5 Nf6 19. Nxf6 gxf6 20. Rae1 Bb4 21. Bd2 Bxd2 22. Kxd2 f5 23. Re3 Kf6 24. Rfe1 Re7 25. f4 Rg7 26. fxe5+ Ke6 27. R1e2 h5 28. Rh3 Rg5 29. d4 Rd8 30. c3 c5 31. Rh4 Rdg8 32. g3 cxd4 33. cxd4 Kd5 34. Kd3 Rg4 35. Rxg4 Rxg4 36. e6 Rxd4+ 37. Kc3 Rc4+ 38. Kb3 Rc8 39. e7 Re8 40. Kc3 Kd6 41. Kd4 Rxe7 42. Rxe7 Kxe7 43. Ke5 h4 44. Kxf5 Kf7 45. g4 h3 46. g5 Kg7 47. g6 Kg8 48. Kf6 Kf8 49. b4 Kg8 50. g7 b6 51. axb6 Kh7 52. b7 Kh6 53. b8=Q a5 54. g8=Q axb4 55. Qbg3 b3 56. Q8g4 b2 57. Qg7+ Kh5 58. Qg8 b1=Q 59. Qxh3# 1-0


[Site "https://www.chess.com"]

[Event "Titled Tuesday Blitz November 01 Late 2022"]
[White "Mladenovic, Stefan"]
[Black "D`Arruda, Ricardo D."]
[WhiteFideId "942227"]
[BlackFideId "100692"]
[WhiteElo "2337"]
[BlackElo "2485"]
[Result "1-0"]
[Round "11"]
[TimeControl "180+1"]
[Date "2022.11.02"]
[WhiteClock "0:01:19"]
[BlackClock "0:00:59"]

1. d4 Nf6 2. Nf3 c5 3. d5 d6 4. Nc3 e5 5. e4 Be7 6. Nd2 a6 7. a4 O-O 8. Be2 Nbd7 9. O-O Re8 10. Nc4 Nf8 11. f4 exf4 12. Bxf4 Ng6 13. Bg3 Bf8 14. Bf3 Qc7 15. h4 Nd7 16. h5 Nge5 17. Nxe5 Nxe5 18. h6 gxh6 19. Bh5 Ng6 20. Qf3 Re7 21. Rad1 Bg7 22. Ne2 Bd7 23. b3 Rae8 24. Bxg6 hxg6 25. e5 Bxe5 26. Bxe5 Rxe5 27. Qxf7+ Kh8 28. Nf4 Rg8 29. Nxg6+ Rxg6 30. Qxg6 Be8 31. Rf8# 1-0


[Site "https://www.chess.com"]

[Event "Titled Tuesday Blitz November 01 Late 2022"]
[White "Moreno Perez, Tobias Sebastian"]
[Black "Bettalli, Francesco"]
[WhiteFideId "186716"]
[BlackFideId "2816453"]
[WhiteElo "2510"]
[BlackElo "2216"]
[Result "0-1"]
[Round "11"]
[TimeControl "180+1"]
[Date "2022.11.02"]
[WhiteClock "0:00:24"]
[BlackClock "0:01:32"]

1. Nf3 g6 2. b3 Bg7 3. d4 c5 4. Bb2 Nc6 5. e3 cxd4 6. exd4 d5 7. Bb5 Nf6 8. Ne5 Bd7 9. Nxd7 Qxd7 10. O-O O-O 11. a3 a6 12. Bd3 Ne4 13. c3 f5 14. Nd2 e5 15. dxe5 Nxe5 16. Nxe4 dxe4 17. Be2 Rad8 18. c4 Nd3 19. Bxg7 Qxg7 20. Qc2 Nf4 21. Rad1 Rd4 22. g3 Ne6 23. Rfe1 Rfd8 24. Kg2 b6 25. h3 f4 26. Bg4 f3+ 27. Kh2 Nc5 28. b4 Nd3 29. Rxe4 Rxe4 30. Rxd3 Rxd3 31. Qxd3 Qd4 32. Qxd4 Rxd4 33. Bxf3 Kf8 34. Bd5 b5 35. Bb7 bxc4 0-1


[Site "https://www.chess.com"]

[Event "Titled Tuesday Blitz November 01 Late 2022"]
[White "Munoz Sanchez, Miguel"]
[Black "Floresvillar Gonzalez, Luis Migu"]
[WhiteFideId "3600734"]
[BlackFideId "5100542"]
[WhiteElo "2166"]
[BlackElo "2040"]
[Result "0-1"]
[Round "11"]
[TimeControl "180+1"]
[Date "2022.11.02"]
[WhiteClock "0:00:55"]
[BlackClock "0:00:51"]

1. e4 e6 2. d4 d5 3. Nd2 dxe4 4. Nxe4 Nd7 5. c3 Ngf6 6. Bd3 Nxe4 7. Bxe4 c5 8. Nf3 cxd4 9. Nxd4 Be7 10. O-O O-O 11. Bc2 Nf6 12. Re1 Qc7 13. Qf3 Bd7 14. Bf4 Bd6 15. Bxd6 Qxd6 16. Rad1 Bc6 17. Nxc6 Qxc6 18. Qxc6 bxc6 19. Rd6 Rfc8 20. c4 c5 21. Red1 g6 22. b3 a5 23. g3 Kg7 24. Kg2 h5 25. h4 Ng4 26. Re1 Rc7 27. f3 Nf6 28. Kh3 Raa7 29. g4 hxg4+ 30. fxg4 Rd7 31. Red1 Rxd6 32. Rxd6 Rd7 33. Rxd7 Nxd7 34. Be4 f5 35. Bb7 fxg4+ 36. Kxg4 Kf6 37. Kf4 Ne5 38. Be4 Nf7 39. a3 Nd6 40. Bd3 e5+ 41. Ke3 Nf5+ 42. Kd2 Nxh4 43. Kc3 Nf3 44. b4 cxb4+ 45. axb4 axb4+ 46. Kxb4 Nd4 47. c5 g5 48. Kc4 g4 49. Kd5 g3 50. Be4 Nb5 51. c6 Nc7+ 52. Kd6 Nb5+ 53. Kd5 Nc3+ 54. Kd6 Nxe4+ 55. Kd7 Nc5+ 0-1


[Site "https://www.chess.com"]

[Event "Titled Tuesday Blitz November 01 Late 2022"]
[White "Pakleza, Zbigniew"]
[Black "Gubajdullin, Alexei"]
[WhiteFideId "1119290"]
[BlackFideId "4141202"]
[WhiteElo "2411"]
[BlackElo "2200"]
[Result "0-1"]
[Round "11"]
[TimeControl "180+1"]
[Date "2022.11.01"]
[WhiteClock "0:00:01"]
[BlackClock "0:00:54"]

1. d4 Nf6 2. Nf3 g6 3. Bf4 Bg7 4. e3 d6 5. h3 O-O 6. Be2 Nc6 7. c4 Nd7 8. Nc3 e5 9. Bh2 f5 10. O-O Kh8 11. Rc1 g5 12. dxe5 dxe5 13. Qd2 g4 14. hxg4 fxg4 15. Ne1 Qg5 16. Nd3 Nf6 17. Rcd1 h5 18. Nd5 Ne4 19. Qc2 h4 20. Nxe5 Nxe5 21. Qxe4 Bf5 22. Qf4 Qh5 23. e4 Bh7 24. Qe3 c6 25. Nc7 Nf3+ 26. Bxf3 gxf3 27. gxf3 Rxf3 28. Qd2 Qg4+ 29. Kh1 Bxe4 30. Rde1 Rxf2+ 0-1


[Site "https://www.chess.com"]

[Event "Titled Tuesday Blitz November 01 Late 2022"]
[White "Petrovic, Aleksa"]
[Black "Rios Escobar, Adan"]
[WhiteFideId "967629"]
[BlackFideId "3403645"]
[WhiteElo "2242"]
[BlackElo "2347"]
[Result "1-0"]
[Round "11"]
[TimeControl "180+1"]
[Date "2022.11.02"]
[WhiteClock "0:00:13"]
[BlackClock "0:00:05"]

1. e4 c5 2. Nf3 d6 3. d4 cxd4 4. Nxd4 Nf6 5. Nc3 a6 6. Bg5 Nbd7 7. Qe2 g6 8. f4 Bg7 9. e5 O-O 10. O-O-O dxe5 11. fxe5 Qa5 12. Re1 e6 13. Nb3 Qxe5 14. Qxe5 Nxe5 15. Rxe5 Nd5 16. Re1 Nxc3 17. bxc3 Bxc3 18. Re3 Bg7 19. Bd3 Bd7 20. Kb1 Bc6 21. Be4 Rac8 22. Rd1 h6 23. Be7 Rfe8 24. Ba3 b6 25. Bb2 e5 26. Bxc6 Rxc6 27. Rd7 a5 28. Nd4 Rc5 29. Nf3 e4 30. Bxg7 Kxg7 31. Nd4 Rc4 32. Nb5 Rb4+ 33. Rb3 e3 34. Rd1 e2 35. Re1 Rf4 36. Rf3 Rb4+ 37. Rb3 Rf4 38. Kc1 Rf2 39. Rg3 Rf1 40. Kd2 Rf2 41. Nd4 h5 42. Re3 Rd8 43. c3 Rxg2 44. R1xe2 Rg1 45. Re7 Ra1 46. Kd3 Kf8 47. Rb7 Rd1+ 48. Kc2 Rf1 49. Ree7 Rf2+ 50. Kb3 Rf3 51. Kc4 Rc8+ 52. Rec7 Rxc7+ 53. Rxc7 Rf2 54. a4 Rxh2 55. Rc6 Ra2 56. Kb3 Ra1 57. Nc2 Rb1+ 58. Ka2 Rc1 59. Kb2 Rg1 60. Rxb6 h4 61. Rf6 h3 62. Rf2 Rg2 63. Rf1 h2 64. Rh1 g5 65. Kb3 g4 66. Ne3 Re2 67. Nxg4 f5 68. Nxh2 f4 69. Nf3 Rf2 70. Ne5 Re2 71. Ng6+ Ke8 72. Nxf4 Rf2 73. Nd3 Rd2 74. Kc4 Kd8 75. Rh8+ Kc7 76. Rh7+ Kc8 77. Rh6 Ra2 78. Kb3 Ra1 79. Ra6 Rb1+ 80. Nb2 Kb7 81. Rxa5 Kb8 82. Rh5 Ka8 83. Kc2 Rg1 84. a5 Rg2+ 85. Kb3 Rg6 86. Nc4 Ra6 87. Kb4 Rg6 88. Kb5 Rf6 89. Nb6+ Kb8 90. Nd7+ Ka8 91. Nxf6 Ka7 92. Rh7+ Ka8 93. Kb6 Kb8 94. Rh8# 1-0


[Site "https://www.chess.com"]

[Event "Titled Tuesday Blitz November 01 Late 2022"]
[White "Piesik, Piotr"]
[Black "Ashiku, Franc"]
[WhiteFideId "1136194"]
[BlackFideId "4700066"]
[WhiteElo "2323"]
[BlackElo "2306"]
[Result "0-1"]
[Round "11"]
[TimeControl "180+1"]
[Date "2022.11.02"]
[WhiteClock "0:01:17"]
[BlackClock "0:00:45"]

1. Nf3 Nf6 2. g3 b6 3. Bg2 Bb7 4. O-O g6 5. c4 Bg7 6. Nc3 O-O 7. d3 d5 8. cxd5 Nxd5 9. Bd2 c5 10. a3 Nc6 11. Rc1 e6 12. b4 Nxc3 13. Bxc3 Bxc3 14. Rxc3 cxb4 15. axb4 Nxb4 16. Qa4 a5 17. Rfc1 Rc8 18. Rxc8 Bxc8 19. Ne5 Qd4 20. Nc4 Bd7 21. Qa1 Qxa1 22. Rxa1 Rb8 23. d4 a4 24. Rb1 Nd5 25. e4 Nc3 26. Rb4 b5 27. Na3 Rc8 28. Bf3 Na2 29. Rb2 Rc1+ 30. Kg2 Nc3 31. d5 exd5 32. exd5 Ra1 33. Nc2 Ra2 34. Rxa2 Nxa2 35. d6 b4 36. Bd5 b3 37. Nd4 Nc3 38. Bc6 b2 0-1


[Site "https://www.chess.com"]

[Event "Titled Tuesday Blitz November 01 Late 2022"]
[White "Plat, Vojtech"]
[Black "Melkumyan, Hrant"]
[WhiteFideId "325740"]
[BlackFideId "13302485"]
[WhiteElo "2514"]
[BlackElo "2604"]
[Result "1-0"]
[Round "11"]
[TimeControl "180+1"]
[Date "2022.11.01"]
[WhiteClock "0:00:58"]
[BlackClock "0:00:02"]

1. e4 c5 2. Nf3 Nc6 3. c3 Nf6 4. e5 Nd5 5. Bc4 Nb6 6. Bb3 c4 7. Bc2 d5 8. exd6 Qxd6 9. d4 Bg4 10. O-O e6 11. Nbd2 Be7 12. Re1 Bh5 13. Qe2 Bg6 14. Bxg6 hxg6 15. Nxc4 Nxc4 16. Qxc4 O-O-O 17. Ne5 Rh5 18. Bf4 Bf6 19. Nxg6 Qd7 20. Ne5 Bxe5 21. Bxe5 f6 22. Bg3 Rd5 23. b4 b5 24. Qe2 Re8 25. a4 a6 26. axb5 axb5 27. Ra8+ Kb7 28. Rxe8 Qxe8 29. Qxe6 Qxe6 30. Rxe6 Rd7 31. h4 Ne7 32. Bf4 Nd5 33. Bd2 Rd8 34. h5 Ra8 35. h6 gxh6 36. Bxh6 Kc7 37. Re1 Kd7 38. Rc1 Nb6 39. g3 Ke6 40. Kg2 Kd5 41. Bg7 f5 42. Re1 Kc4 43. Re6 Nd5 44. Rc6+ Kd3 45. Rc5 Nxc3 46. Rxf5 Rd8 47. Rc5 Rd7 48. Be5 Ne4 49. Rxb5 Ra7 50. Bf4 Ra2 51. Be3 Nc3 52. Re5 Nd1 53. d5 1-0


[Site "https://www.chess.com"]

[Event "Titled Tuesday Blitz November 01 Late 2022"]
[White "Polster, Christian"]
[Black "Arbunic Castro, Giovanna"]
[WhiteFideId "12965081"]
[BlackFideId "3400549"]
[WhiteElo "2209"]
[BlackElo "1934"]
[Result "1-0"]
[Round "11"]
[TimeControl "180+1"]
[Date "2022.11.02"]
[WhiteClock "0:00:16"]
[BlackClock "0:00:06"]

1. e4 g6 2. d4 Bg7 3. Nc3 c5 4. Nf3 cxd4 5. Nxd4 Nc6 6. Be3 Nf6 7. Bc4 d6 8. f3 Qb6 9. Bb5 Qc7 10. Qd2 O-O 11. O-O-O a6 12. Be2 b5 13. g4 b4 14. Nd5 Nxd5 15. exd5 Nxd4 16. Bxd4 Bxd4 17. Qxd4 Bd7 18. Bd3 Qa5 19. Kb1 Qc5 20. Qf4 Rfc8 21. h4 Bb5 22. Be4 Rab8 23. h5 e5 24. Qf6 Qc7 25. h6 Kf8 26. f4 Be2 27. Rde1 Bxg4 28. fxe5 dxe5 29. d6 1-0


[Site "https://www.chess.com"]

[Event "Titled Tuesday Blitz November 01 Late 2022"]
[White "Potapova, Margarita"]
[Black "Wieczorek, Zbigniew"]
[WhiteFideId "14126869"]
[BlackFideId "1102001"]
[WhiteElo "2150"]
[BlackElo "2315"]
[Result "0-1"]
[Round "11"]
[TimeControl "180+1"]
[Date "2022.11.02"]
[WhiteClock "0:00:05"]
[BlackClock "0:00:07"]

1. d4 Nf6 2. Bf4 d5 3. e3 e6 4. Nf3 Bd6 5. Nc3 O-O 6. Bd3 b6 7. O-O Ba6 8. Ne5 Bxd3 9. cxd3 Nfd7 10. Nb5 Bxe5 11. dxe5 a6 12. Nc3 c5 13. d4 Nc6 14. Rc1 Qe7 15. Qd2 Rfc8 16. Rfd1 b5 17. a3 Nb6 18. dxc5 Nc4 19. Qe2 N6xe5 20. b3 Qxc5 21. bxc4 Nxc4 22. Nb1 Qe7 23. e4 dxe4 24. Qxe4 Nxa3 25. Bd6 Qxd6 26. Qxa8 Qxd1+ 27. Rxd1 Rxa8 28. Nxa3 g6 29. Ra1 Rb8 30. Kf1 Kf8 31. Ke2 Ke7 32. Kd3 e5 33. Kc2 f5 34. Kb3 a5 35. Rc1 Kd6 36. f3 g5 37. Nc2 Rc8 38. Rd1+ Ke6 39. Ne3 f4 40. Ng4 Rc4 41. Re1 a4+ 42. Ka3 e4 43. fxe4 h5 44. Nf2 Ke5 45. Nd3+ Kd4 46. Nb4 Rc3+ 47. Ka2 Ke5 48. Nd5 Rc2+ 49. Ka3 Rxg2 50. Ne7 f3 51. Nc6+ Kd6 52. Nd4 f2 53. Rf1 Ke5 54. Ne2 Kxe4 55. Ng3+ Kf3 56. Rd1 Rxg3 57. hxg3 Ke2 58. Rb1 f1=Q 0-1


[Site "https://www.chess.com"]

[Event "Titled Tuesday Blitz November 01 Late 2022"]
[White "Prydun, Andriy"]
[Black "Hughes, Tyler B"]
[WhiteFideId "14145898"]
[BlackFideId "2026775"]
[WhiteElo "2163"]
[BlackElo "2284"]
[Result "0-1"]
[Round "11"]
[TimeControl "180+1"]
[Date "2022.11.02"]
[WhiteClock "0:00:02"]
[BlackClock "0:01:14"]

1. e4 c6 2. Nf3 d5 3. exd5 cxd5 4. b3 Nc6 5. Bb5 Nf6 6. Ne5 Qc7 7. Bb2 e6 8. O-O Bd6 9. f4 Qb6+ 10. d4 Qxb5 11. Nc3 Qb6 12. Ne2 Nxe5 13. fxe5 Bxe5 14. Kh1 Bd6 15. Qd2 Ne4 16. Qe3 Bd7 17. Rab1 Nf6 18. c4 Be7 19. c5 Qc7 20. Ng3 h5 21. Rbe1 Ng4 22. Qf3 f5 23. c6 bxc6 24. b4 h4 25. b5 hxg3 26. bxc6 Rxh2+ 27. Kg1 Qxc6 28. Ba3 Bxa3 29. Qxa3 Qc7 30. Qc5 Qxc5 31. dxc5 O-O-O 0-1


[Site "https://www.chess.com"]

[Event "Titled Tuesday Blitz November 01 Late 2022"]
[White "Przybylski, Wojciech"]
[Black "Harvey, Marcus R"]
[WhiteFideId "1117599"]
[BlackFideId "400092"]
[WhiteElo "2221"]
[BlackElo "2457"]
[Result "1-0"]
[Round "11"]
[TimeControl "180+1"]
[Date "2022.11.02"]
[WhiteClock "0:00:35"]
[BlackClock "0:00:27"]

1. e4 e6 2. d4 d5 3. Nc3 Nf6 4. Bg5 dxe4 5. Nxe4 Be7 6. Bxf6 gxf6 7. Nc3 b6 8. Qf3 c6 9. O-O-O Bb7 10. Bc4 b5 11. Bb3 Qc7 12. Nge2 a5 13. Qh5 O-O 14. Rd3 Bd6 15. Qh4 Kg7 16. Rh3 Rh8 17. Qh6+ Kg8 18. Rh4 f5 19. Rh5 Be7 20. Rh3 Bf8 21. Qg5+ Bg7 22. Rg3 Qxg3 23. Nxg3 h6 24. Qe7 Ba6 25. Nxf5 Bf8 26. Qe8 Rh7 27. Ne4 1-0


[Site "https://www.chess.com"]

[Event "Titled Tuesday Blitz November 01 Late 2022"]
[White "Ramirez, Alejandro"]
[Black "Predke, Alexandr"]
[WhiteFideId "6500617"]
[BlackFideId "24107581"]
[WhiteElo "2694"]
[BlackElo "2614"]
[Result "1-0"]
[Round "11"]
[TimeControl "180+1"]
[Date "2022.11.01"]
[WhiteClock "0:00:11"]
[BlackClock "0:00:01"]

1. Nf3 Nf6 2. c4 e6 3. g3 d5 4. b3 Be7 5. Bg2 O-O 6. O-O d4 7. e3 c5 8. exd4 cxd4 9. Re1 Nc6 10. d3 Nd7 11. Na3 e5 12. Nc2 a5 13. a3 Qc7 14. Rb1 Nc5 15. b4 axb4 16. axb4 Na4 17. Bd2 Bf6 18. b5 Nd8 19. b6 Nxb6 20. Nfxd4 exd4 21. Bf4 Qc5 22. Rb5 Qxb5 23. cxb5 Ne6 24. Bd2 Na4 25. Nb4 Nc3 26. Qb3 Bd7 27. Nd5 Nxd5 28. Bxd5 Nc5 29. Qc4 Rac8 30. Bb4 b6 31. h4 h5 32. Ba3 g6 33. Rd1 Be6 34. Bxe6 Nxe6 35. Qd5 Rfd8 36. Qf3 Nc5 37. Bxc5 Rxc5 38. Qxf6 Rdd5 39. Re1 Rc8 40. Re7 1-0


[Site "https://www.chess.com"]